 Dungeon Crawl Stone Soup version 0.17.0-28-g6e173f8 (webtiles) character file.

36 septik the Sneak (level 3, -7/16 HPs)
             Began as a Spriggan Enchanter on Nov 29, 2015.
             Killed by divine providence
             ... invoked by an orc priest
              (16 damage)
             ... on level 3 of the Dungeon.
             The game lasted 00:05:24 (1883 turns).

septik the Sneak (Spriggan Enchanter)               Turns: 1883, Time: 00:05:24

Health: -7/16      AC:  3    Str:  4    XL:     3   Next: 19%
Magic:  8/8        EV: 18    Int: 16    God:
Gold:   99         SH:  0    Dex: 17    Spells: 3 memorised, 1 level left

rFire  . . .     SeeInvis +     a - +1 dagger
rCold  . . .     Clarity  .     b - +1 robe
rNeg   . . .     SustAt   .     (shield restricted)
rPois  .         Gourm    .     (helmet restricted)
rElec  .         Spirit   .     (no cloak)
rCorr  .         Warding  .     (gloves unavailable)
rMut   .         Stasis   .     (boots unavailable)
MR     .....                    (no amulet)
Stlth  ++++......               (no ring)
                                (no ring)

@: very quick, not resistant to hostile enchantments, stealthy
A: unfitting armour, see invisible, herbivore 3, speed 3, slow metabolism 2
a: no special abilities


You were on level 3 of the Dungeon.
You were not hungry.

You visited 1 branch of the dungeon, and saw 3 of its levels.

You collected 99 gold pieces.

Inventory:

Hand Weapons
 a - a +1 dagger (weapon)
Missiles
 h - 125 stones (quivered)
Armour
 b - a +1 robe (worn)
Scrolls
 i - a scroll of remove curse {unknown}
 k - a scroll of magic mapping {unknown}
 m - 2 scrolls of identify {unknown}
 n - a scroll of blinking {unknown}
Potions
 e - a potion of haste {unknown}
 f - a potion of cancellation {unknown}
 g - 2 potions of agility {unknown}
 j - 2 potions of curing {unknown}
 o - a potion of magic {unknown}
 p - a potion of heal wounds {unknown}
Books
 c - a book of Maledictions

   Spells                             Type                      Level
   a - Corona                         Hexes                        1
   b - Ensorcelled Hibernation        Hexes/Ice                    2
   c - Confuse                        Hexes                        3
   d - Tukima's Dance                 Hexes                        3
   e - Dazzling Spray                 Conjuration/Hexes            3
Comestibles
 d - 2 bread rations
 l - a royal jelly


   Skills:
 + Level 2.5 Short Blades
 - Level 3.0 Dodging
 + Level 5.6 Stealth
 - Level 2.6 Spellcasting
 - Level 3.6 Hexes


You had one spell level left.
You knew the following spells:

 Your Spells              Type           Power        Failure   Level  Hunger
a - Corona                Hex            ##.....      6%          1    #......
b - Ensorcelled Hibernat  Hex/Ice        #.....       17%         2    ##.....
c - Tukima's Dance        Hex            ##......     14%         3    ###....


Dungeon Overview and Level Annotations

Branches:
Dungeon (3/15)

Altars:
Ashenzari
Qazlal
The Shining One

Annotations:
D:2 Sigmund


Innate Abilities, Weirdness & Mutations

You are tiny and cannot use many weapons and most armour.
You have supernaturally acute eyesight.
You are a herbivore.
You cover ground extremely quickly.
You need consume almost no food.


Message History

Found a robe.
h - 125 stones (gained 24)
You now have 99 gold pieces (gained 14).
o - a metallic green potion
p - a red potion
m - 2 scrolls labeled IGGANE ZIHIAHU (gained 1)
An orc priest comes into view. It is wielding a dagger.
The orc priest shouts!
The orc priest calls down the wrath of Beogh upon you.
Pain shoots through your body!
An orc comes into view.
An orc priest comes into view. It is wielding a hand axe.
The orc priest moves out of view.
The orc priest shouts!
The orc shouts!
An orc priest comes into view. It is wielding a dagger.
The orc priest invokes the aid of Beogh against you.
Something smites you!
Ouch! That really hurt!
You die...

#########
#..o.@..#
...o.o.#####.#
...o### #.# ...
#.# # #.# #.#
#.###########
#...........####
#####...........


You could see 3 orc priests and an orc.

Vanquished Creatures
  An ooze (D:2)
  A worm (D:2)
  2 giant geckos (D:1)
  2 orcs (D:3)
  3 giant cockroaches (D:2)
  2 goblins
  3 hobgoblins
  2 jackals (D:1)
  2 kobolds (D:1)
  3 bats
  A giant newt (D:1)
  A rat (D:1)
23 creatures vanquished.

Notes
Turn   | Place    | Note
--------------------------------------------------------------
     0 | D:1      | septik the Spriggan Enchanter began the quest for the Orb.
     0 | D:1      | Reached XP level 1. HP: 9/9 MP: 5/5
   460 | D:1      | Reached skill level 5 in Stealth
   460 | D:1      | Reached XP level 2. HP: 13/13 MP: 6/6
   859 | D:1      | Learned a level 2 spell: Ensorcelled Hibernation
  1096 | D:2      | Found a glowing golden altar of the Shining One.
  1195 | D:2      | Reached XP level 3. HP: 8/16 MP: 2/8
  1200 | D:2      | Learned a level 3 spell: Tukima's Dance
  1383 | D:2      | Noticed Sigmund
  1656 | D:3      | Found a stormy altar of Qazlal.
  1660 | D:3      | Found a shattered altar of Ashenzari.
  1883 | D:3      | Killed from afar by an orc priest

Action                   || total
-------------------------++-------
Melee: Dagger            ||    82
 Cast: Ensorcelled Hiber ||     3
       Tukima's Dance    ||     2
 Stab: Sleeping          ||    12
